 Dungeon Crawl Stone Soup version 0.29.0-11-gd7f09526c8 (webtiles) character file.

Game seed: 6271801697231868551

609 PentaManta the Spear-Bearer (level 7, -1/50 HPs)
             Began as a Merfolk Gladiator on Sept 5, 2022.
             Was an Initiate of Makhleb.
             Succumbed to a water moccasin's poison
             ... on level 5 of the Dungeon.
             The game lasted 00:06:54 (4949 turns).

PentaManta the Spear-Bearer (Merfolk Gladiator)     Turns: 4949, Time: 00:06:54

Health: -1/50      AC:  8    Str: 15    XL:     7   Next: 43%
Magic:  1/7        EV: 12    Int:  9    God:    Makhleb [......]
Gold:   294        SH:  0    Dex: 15    Spells: 6/6 levels left

rFire   . . .      SeeInvis .   a - +0 trident
rCold   . . .      Faith    .   (no shield)
rNeg    . . .      Spirit   +   w - +0 scale mail
rPois   .          Reflect  .   c - +0 helmet
rElec   .          Harm     .   q - +0 cloak
rCorr   .          Rampage  .   (no gloves)
Will    .....                   (no boots)
Stlth   ..........              f - amulet of guardian spirit
HPRegen 0.16/turn               (no ring)
MPRegen 0.10/turn               (no ring)

@: lethally poisoned (-1 -> -16)
A: (nimble swimmer 2), mertail
a: Renounce Religion


You were on level 5 of the Dungeon.
You worshipped Makhleb.
Makhleb was noncommittal.
You visited 1 branch of the dungeon, and saw 5 of its levels.

You collected 294 gold pieces.

Inventory:

Hand Weapons
 a - a +0 trident (weapon)
Missiles
 d - 3 throwing nets
 e - 5 javelins (quivered)
Armour
 b - a +0 leather armour
 c - a +0 helmet (worn)
 l - a +0 ring mail
 q - a +0 cloak (worn)
 w - a +0 scale mail (worn)
Jewellery
 f - an amulet of guardian spirit (around neck)
Scrolls
 i - 3 scrolls of identify {unknown}
 j - a scroll of enchant armour {unknown}
 m - a scroll of blinking {unknown}
 o - 3 scrolls of enchant weapon {unknown}
 p - 2 scrolls of butterflies {unknown}
 r - 2 scrolls of teleportation {unknown}
 s - a scroll of magic mapping {unknown}
 u - 2 scrolls of immolation {unknown}
 x - a scroll of noise {unknown}
 y - a scroll of fear {unknown}
Potions
 g - a potion of resistance {unknown}
 h - 4 potions of curing {unknown}
 k - 2 potions of magic {unknown}
 n - a potion of flight {unknown}
 t - 2 potions of lignification {unknown}
 v - a potion of degeneration {unknown}
 z - 2 potions of heal wounds {unknown}


   Skills:
 - Level 2.1 Fighting
 + Level 9.0 Polearms
 - Level 2.0 Throwing
 + Level 7.4 Dodging


You had 6 spell levels left.
You didn't know any spells.
Your spell library contained the following spells:

 Spells                   Type           Power      Damage    Failure   Level
 Ozocubu's Armour         Ice            0%         N/A       99%         3
 Ozocubu's Refrigeration  Ice            0%         4d7       100%        7


Dungeon Overview and Level Annotations

Branches:
Dungeon (5/15)
 Temple: D:4-7

Altars:
Elyvilon
Fedhas
Makhleb
The Shining One


Innate Abilities, Weirdness & Mutations

((You are very nimble when in or above water. (Stealth+, EV+, Speed+++)))
Your lower body shifts to a powerful aquatic tail in water.


Message History

The orc barely misses you.
You are too injured to fight recklessly!
You hit the orc.
The orc is lightly wounded.
The orc hits you with a +2 hand axe of electrocution.
You are electrocuted!
* * * LOW HITPOINT WARNING * * *
The orc misses you.
You hit the orc.
The orc is moderately wounded.
You closely miss the orc.
The orc is moderately wounded.
The orc hits you but does no damage. The orc hits you with a +0 whip.
* * * LOW HITPOINT WARNING * * *
You closely miss the orc.
The orc is moderately wounded.
The orc barely misses you. The orc hits you with a +0 whip.
* * * LOW HITPOINT WARNING * * *
You puncture the orc!
You kill the orc!
Makhleb accepts your kill. The orc barely misses you.
You closely miss the orc.
The orc is heavily wounded.
The orc closely misses you.
You puncture the orc!
You kill the orc!
Makhleb accepts your kill.
Items here: ))) [[ ††.
Items here: ( )) [[ ††.
Okay, then.
Unknown command.
Items here: ))) [[ ††.
A water moccasin is nearby!
The water moccasin hisses angrily.
The water moccasin bites you.
* * * LOW HITPOINT WARNING * * *
You are lethally poisoned!
The water moccasin poisons you!
You die...

##......#
##......##
###.......#
.........##
........########..
##+####)##........
##).#..#####..
##.S...######
##....@#.......
##....###...8###
+....###....+...
##..## #....8#..
##..###..####
##..##..# ##.....#
.##+####.##.#
......†..##.#


You could see a water moccasin.

Vanquished Creatures
  An ogre (D:3)
  2 scorpions (D:4)
  A hound (D:5)
  3 iron imps (D:3)
  An orc wizard (D:4)
  Ijyb (D:3)
  Terence (D:3)
  Robin (D:3)
  3 gnolls
  6 adders
  3 dart slugs
  11 orcs
  13 endoplasms
  3 giant cockroaches
  19 goblins
  14 hobgoblins
  2 jackals (D:4)
  6 quokkas
  6 ball pythons
  5 bats
  2 frilled lizards (D:2)
  7 kobolds
  3 rats (D:1)
114 creatures vanquished.

Notes
Turn   | Place    | Note
-------+----------+-------------------------------------------
     0 | D:1      | PentaManta the Merfolk Gladiator began the quest for the
                  | Orb.
     0 | D:1      | Reached XP level 1. HP: 16/16 MP: 1/1
    37 | D:1      | Found a faded altar of an unknown god.
   195 | D:1      | Reached XP level 2. HP: 22/22 MP: 2/2
   288 | D:1      | Reached skill level 5 in Polearms
   539 | D:1      | Reached XP level 3. HP: 27/27 MP: 3/3
  1098 | D:2      | Found a white marble altar of Elyvilon.
  1207 | D:2      | Reached skill level 6 in Polearms
  1345 | D:2      | Reached XP level 4. HP: 33/33 MP: 4/4
  2225 | D:3      | Noticed an ogre
  2229 | D:3      | Killed an ogre
  2230 | D:3      | Reached skill level 7 in Polearms
  2230 | D:3      | Reached skill level 5 in Dodging
  2230 | D:3      | Reached XP level 5. HP: 38/38 MP: 5/5
  2347 | D:3      | Noticed Terence
  2362 | D:3      | Killed Terence
  2363 | D:3      | Reached XP level 6. HP: 35/44 MP: 6/6
  2537 | D:3      | Found a glowing golden altar of the Shining One.
  2572 | D:3      | Found a blossoming altar of Fedhas.
  2695 | D:3      | Noticed Robin
  2728 | D:3      | Killed Robin
  2763 | D:3      | Noticed Ijyb
  2773 | D:3      | Paralysed by Ijyb for 2 turns
  2782 | D:3      | Paralysed by Ijyb for 3 turns
  2791 | D:3      | Paralysed by Ijyb for 5 turns
  2809 | D:3      | Killed Ijyb
  3121 | D:3      | Found a burning altar of Makhleb.
  3147 | D:3      | Reached skill level 8 in Polearms
  3405 | D:3      | Became a worshipper of Makhleb the Destroyer
  3553 | D:4      | Reached XP level 7. HP: 28/50 MP: 3/7
  4424 | D:4      | Identified the +11 sling of Ru's Displeasure {flame, rElec
                  | Dex-5 Stlth+}
  4828 | D:5      | Entered Level 5 of the Dungeon
  4861 | D:5      | Reached skill level 9 in Polearms
  4949 | D:5      | Succumbed to a water moccasin's poison

Illustrated notes

Levels and vault maps discovered:
D:1:      wander_arrival_abandoned_jail, layout_loops_ring,
          nicolae_ecumenical_snake_handling, minmay_quantized
D:2:      layout_basic, basic_altar
D:3:      layout_rooms, demons_altar, mainiacjoe_overflow_catch_the_wave,
          minmay_box_of_dots, uniq_terence, uniq_ijyb, uniq_robin
D:4:      layout_layer_cave
D:5:      cheibrodos_thug_alley, layout_layer_cave, jmf_multi_god_temple2,
          grunt_decor_arrowhead, nicolae_sextant

Skill      XL: |  1  2  3  4  5  6  7 |
---------------+----------------------+-----
Polearms       | 5 6 7 8 9 |  9.0
Dodging        | 5 6 7 |  7.4
Fighting       | |  2.1
Throwing       | |  2.0

Action                   |  1- 3 |  4- 6 |  7- 9 || total
-------------------------+-------+-------+-------++-------
Melee: Trident           |   126 |   204 |    91 ||   421
       Punch             |       |     3 |       ||     3
Throw: Javelin           |       |     4 |       ||     4
 Stab: Sleeping          |     3 |     1 |       ||     4
Armor: Leather armour    |     6 |       |       ||     6
       Ring mail         |    21 |    17 |       ||    38
       Scale mail        |       |    32 |    24 ||    56
Dodge: Dodged            |    54 |    75 |    43 ||   172
